 Dungeon Crawl Stone Soup version 0.26-a0-613-g4f23886233 (webtiles) character file.

Game seed: 2880964721036967533

3511 Hores the Geomancer (level 10, -4/56 HPs)
             Began as a Gargoyle Earth Elementalist on Sept 11, 2020.
             Was a Believer of Vehumet.
             Engulfed by a cloud of flame (6 damage)
             ... on level 7 of the Dungeon.
             The game lasted 00:20:39 (7503 turns).

Hores the Geomancer (Gargoyle Earth Elementalist)   Turns: 7503, Time: 00:20:39

Health: -4/56      AC: 11    Str: 12    XL:     10   Next: 8%
Magic:  26/28      EV: 28    Int: 25    God:    Vehumet [**....]
Gold:   249        SH:  0    Dex: 10    Spells: 18/22 levels left

rFire    . . .     SeeInvis .   x - +2 mace (drain)
rCold    . . .     Faith    .   (no shield)
rNeg     + . .     Spirit   .   c - +0 robe
rPois    ∞         Reflect  .   k - +1 helmet
rElec    +         Harm     .   (no cloak)
rCorr    .                      (no gloves)
MR       .....                  (no boots)
Stlth    ++........             h - amulet of the acrobat
HPRegen  0.18/turn              f - ring of magical power
MPRegen  0.21/turn              A - +6 ring of intelligence

@: acrobat
A: negative energy resistance 1, electricity resistance, unbreathing,
petrification resistance, rot immunity, AC +7
a: Renounce Religion


You were on level 7 of the Dungeon.
You worshipped Vehumet.
Vehumet was pleased with you.
You visited 2 branches of the dungeon, and saw 8 of its levels.

You collected 249 gold pieces.

Inventory:

Hand Weapons
 g - a +0 morningstar
 j - a cursed +0 flail
 m - a +2 short sword of speed
 x - a +2 mace of draining (weapon)
Missiles
 b - 140 stones (quivered)
Armour
 c - a +0 robe (worn)
 k - a +1 helmet (worn)
Jewellery
 d - an uncursed ring of ice
 f - a ring of magical power (left hand)
 h - an amulet of the acrobat (around neck)
 s - an uncursed ring of protection from magic
 A - a +6 ring of intelligence (right hand)
Wands
 y - a wand of flame (13)
Scrolls
 e - 3 scrolls of teleportation
 i - 3 scrolls of fog
 l - a scroll of fear
 r - a scroll of remove curse
 u - a scroll of enchant armour
Potions
 a - 2 potions of lignification
 n - 2 potions of brilliance
 o - a potion of berserk rage
 p - a potion of haste
 q - a potion of flight {unknown}
 t - 3 potions of mutation {unknown}
 v - a potion of degeneration {unknown}
 w - a potion of stabbing
 z - a potion of curing {unknown}


   Skills:
 + Level 4.1 Fighting
 + Level 3.6 Maces & Flails
 + Level 4.1 Armour
 + Level 3.6 Dodging
 - Level 2.1 Stealth
 + Level 6.5 Spellcasting
 + Level 6.9 Conjurations
   Level 0.7 Transmutations
 + Level 8.9 Earth Magic


You had 18 spell levels left.
You knew the following spells:

 Your Spells              Type           Power        Failure   Level
a - Sandblast             Erth           ######       1%          1
b - Stone Arrow           Conj/Erth      #####.       1%          3

Your spell library contained the following spells:

 Spells                   Type           Power        Failure   Level
 Magic Dart               Conj           ####         1%          1
 Passwall                 Tmut/Erth      ####....     1%          2
 Lee's Rapid Deconstruct  Erth           ######....   4%          5
 Petrify                  Tmut/Erth      ####....     10%         4


Dungeon Overview and Level Annotations

Branches:
Dungeon (7/15)             Temple (1/1) D:5

Altars:
Ashenzari
Dithmenos
Elyvilon
Gozag
Hepliaklqana
Kikubaaqudgha
Nemelex Xobeh
Okawaru
Ru
Vehumet
Wu Jian
Xom
Yredelemnul
Zin

Annotations:
D:7 2 runed translucent doors, 1 transporter, paps's ghost, novice OpFi


Innate Abilities, Weirdness & Mutations

You are resistant to torment.
Your stone body is resilient. (AC +7)
You are immune to poison.
You resist negative energy. (rN+)
You are resistant to electric shocks. (rElec)
You can survive without breathing.
You are immune to petrification.
You are immune to rotting.


Message History

Aiming: Sandblast (safe; 1% risk of failure)
Press: ? - help, Shift-Dir - straight line, f/p - fire bat
Aim: a fire bat (heavily wounded)
The blast of sand hits the fire bat!
You kill the fire bat!
Vehumet accepts your kill.
You feel your power returning.
b - 140 stones Unknown command.
Really walk into a travel-excluded area? [Y]es or [N]o only, please.
Really walk into a travel-excluded area?
There is an open gate here.
You are engulfed in blazing flames.
You are engulfed in blazing flames.
* * * LOW HITPOINT WARNING * * *
Found a whip.
Unknown command.
You are engulfed in blazing flames.
You die...

#.#### #○.°○☼.○#
..# #○°☼○○○○#
### #○°#©#°°#
#○○...○☼#
#☼☼#.#○○#
#°○...○○#
####○○☼####
#○.○☼○°☼○○#
#☼☼○@○○☼☼°#
#☼.○○○○°☼○# ####
#○°☼[!$○○○#...##
...#####
#°○○!©$☼○○# ...
.......##
########### ...
........###
##.©... .Z.
.#.#......#
#...### ##†#
.#####++### #.
##..) ..#
..##W......##.#
#.#


There were no monsters in sight!

Vanquished Creatures
  Pikel (D:4)
  Sigmund (D:4)
  A fire elemental (D:7)
  6 fire bats (D:7)
  3 sky beasts (D:5)
  4 ogres
  A centaur (D:7)
  A lemure (D:4)
  A bullfrog (D:7)
  4 scorpions
  5 wights (D:7)
  A howler monkey (D:6)
  2 vampire bats (D:6)
  2 centaur zombies (D:7)
  5 hounds
  An orc priest (D:3)
  2 jellies
  Jessica (D:3)
  2 worker ants
  A hound skeleton (D:5)
  Robin (D:4)
  A howler monkey skeleton (D:6)
  4 gnolls (D:4)
  7 adders
  4 white imps
  2 ufetubi
  3 worms
  A dart slug (D:2)
  6 leopard geckos
  15 orcs
  2 ball pythons
  4 bat skeletons (D:6)
  2 bat zombies (D:6)
  7 giant cockroaches
  5 hobgoblins
  6 quokkas
  8 bats
  2 frilled lizards
  12 goblins
  7 kobolds
  5 rats
149 creatures vanquished.

Notes
Turn   | Place    | Note
-------+----------+-------------------------------------------
     0 | D:1      | Hores the Gargoyle Earth Elementalist began the quest for
                  | the Orb.
     0 | D:1      | Reached XP level 1. HP: 10/10 MP: 3/3
   445 | D:1      | Reached skill level 4 in Earth Magic
   445 | D:1      | Reached XP level 2. HP: 6/15 MP: 3/5
  1160 | D:2      | Found a basalt altar of Yredelemnul.
  1166 | D:2      | Found a shattered altar of Ashenzari.
  1291 | D:2      | Reached XP level 3. HP: 19/19 MP: 4/7
  1296 | D:2      | Learned a level 3 spell: Stone Arrow
  1774 | D:2      | Reached skill level 1 in Conjurations
  1785 | D:2      | Reached XP level 4. HP: 24/24 MP: 2/8
  1870 | D:2      | Found an iron altar of Okawaru.
  2084 | D:2      | Found a shimmering altar of Xom.
  2085 | D:2      | Found a shimmering altar of Xom.
  2088 | D:2      | Found a shimmering altar of Xom.
  2088 | D:2      | Found a shimmering altar of Xom.
  2088 | D:2      | Found a shimmering altar of Xom.
  2088 | D:2      | Found a shimmering altar of Xom.
  2244 | D:2      | Found an ornate altar of the Wu Jian Council.
  2708 | D:3      | Found a sacrificial altar of Ru.
  2719 | D:3      | Found a sparkling altar of Nemelex Xobeh.
  2723 | D:3      | Noticed Jessica
  2726 | D:3      | Killed Jessica
  2726 | D:3      | Reached skill level 5 in Earth Magic
  2726 | D:3      | Reached XP level 5. HP: 28/28 MP: 6/10
  3166 | D:4      | Noticed a lemure
  3169 | D:4      | Noticed a lemure
  3171 | D:4      | Noticed Pikel
  3183 | D:4      | Noticed a lemure
  3185 | D:4      | Noticed a lemure
  3189 | D:4      | Killed a lemure
  3203 | D:4      | Noticed an ogre
  3211 | D:4      | Killed Pikel
  3211 | D:4      | Reached skill level 6 in Earth Magic
  3211 | D:4      | Reached XP level 6. HP: 32/32 MP: 0/13
  3211 | D:4      | Reached XP level 7. HP: 36/36 MP: 0/14
  3338 | D:4      | You fall into a shaft and drop 3 floors!
  3530 | D:6      | Found an opulent altar of Gozag.
  3643 | D:5      | Entered Level 5 of the Dungeon
  3706 | D:4      | Reached skill level 5 in Spellcasting
  3706 | D:4      | Reached skill level 7 in Earth Magic
  3736 | D:4      | Noticed Robin
  3780 | D:4      | Killed Robin
  3915 | D:4      | Reached XP level 8. HP: 37/41 MP: 15/15
  4119 | D:4      | Found a shadowy altar of Dithmenos.
  4185 | D:4      | You fall into a shaft and drop 2 floors!
  4243 | D:6      | Found a radiant altar of Vehumet.
  4246 | D:6      | Became a worshipper of Vehumet
  4286 | D:6      | Reached skill level 5 in Conjurations
  4660 | D:4      | Found a hazy altar of Hepliaklqana.
  4677 | D:4      | Noticed Sigmund
  4682 | D:4      | Killed Sigmund
  4682 | D:4      | Reached skill level 1 in Fighting
  5142 | D:5      | Reached skill level 1 in Maces & Flails
  5142 | D:5      | Reached skill level 1 in Armour
  5663 | D:5      | Found a staircase to the Ecumenical Temple.
  5669 | D:5      | Reached skill level 8 in Earth Magic
  5676 | Temple   | Entered the Ecumenical Temple
  5841 | D:5      | Reached XP level 9. HP: 48/48 MP: 17/17
  5892 | D:5      | Reached * piety under Vehumet
  5892 | D:5      | Offered knowledge of Shock by Vehumet.
  6360 | D:6      | Found an opulent altar of Gozag.
  6462 | D:6      | Found an ancient bone altar of Kikubaaqudgha.
  6673 | D:7      | Found a large runed translucent door.
  6673 | D:7      | Found a large runed translucent door.
  6675 | D:7      | Noticed paps's ghost (novice OpFi)
  7214 | D:7      | Reached ** piety under Vehumet
  7214 | D:7      | Offered knowledge of Magic Dart by Vehumet.
  7345 | D:7      | Found a transporter.
  7367 | D:7      | Found a transporter.
  7494 | D:7      | Reached XP level 10. HP: 46/56 MP: 19/19
  7502 | D:7      | HP: 2/56 [something (22)]
  7503 | D:7      | Engulfed by a cloud of flame

Illustrated notes

Levels and vault maps discovered:
D:1:      minmay_arrival_five_plusses, layout_basic, serial_bayou_pond_d,
          corexii_item_surrounded_by_moat
D:2:      minmay_skewed_foursquare, layout_rooms, old_standard_altar,
          yredelemnul_altar_generic, marbit_many_paths,
          ashenzari_conservatory_becter, xom_redecorated,
          minmay_misc_feat_four_crosses, minivault_26
D:3:      layout_loops_ring, overflow_temple_1_default, lemuel_crystal_altar,
          uniq_jessica
D:4:      layout_loops_ring, lemuel_coloured_pillars_altar,
          nicolae_dithmenos_the_darkroom, uniq_sigmund, uniq_robin, uniq_pikel
D:5:      layout_gridville, temple_hall
D:6:      layout_loops_cross, kennysheep_vampire_church, lemuel_crystal_altar,
          kennysheep_mini_moat, nicolae_gozag_seed_capital
D:7:      gammafunk_cloud_chamber, layout_loops_corners,
          ebering_ghost_disaster_area
Temple:   jpeg_temple_island

Skill      XL: |  1  2  3  4  5  6  7  8  9 |
---------------+----------------------------+-----
Earth Magic    | 4 5 6 7 8 |  8.9
Conjurations   | 1 4 5 6 |  6.9
Spellcasting   | 3 4 5 6 |  6.5
Fighting       | 2 4 |  4.1
Maces & Flails | 1 3 |  3.6
Armour         | 2 4 |  4.1
Dodging        | 2 3 |  3.6
Stealth        | |  2.1
Transmutations | |  0.7

Action                   |  1- 3 |  4- 6 |  7- 9 | 10-12 || total
-------------------------+-------+-------+-------+-------++-------
Melee: Short sword       |    62 |   116 |   181 |       ||   359
       Mace              |       |       |    90 |       ||    90
 Cast: Sandblast         |    17 |    33 |    80 |     4 ||   134
       Stone Arrow       |       |       |     8 |       ||     8
  Use: Scroll            |       |     6 |     3 |       ||     9
       Potion            |       |     6 |     2 |       ||     8
 Stab: Sleeping          |     5 |       |     2 |       ||     7
       Distracted        |       |       |     1 |       ||     1
Armor: Robe              |    35 |    43 |   129 |     1 ||   208
       Skin              |       |    17 |       |       ||    17
Dodge: Dodged            |    41 |    84 |   272 |     2 ||   399

Table legend: (Time is in decaauts)
 A = Elapsed time spent in this place.
 B = Non-inter-level travel time spent in this place.
 C = Inter-level travel time spent in this place.
 D = Time resting spent in this place.
 E = Time spent auto-exploring this place.
 F = Levels seen in this place.
 G = Mean time per level.
                   A        B        C        D        E       F      G
               +--------+--------+--------+--------+--------+-----+--------+
         Total |   7485 |   7197 |    288 |    997 |   4791 |   8 |  935.6 |
       Dungeon |   7476 |   7192 |    284 |    997 |   4791 |   7 | 1068.0 |
        Temple |      8 |      4 |      4 |      0 |      0 |   1 |    8.0 |
               +--------+--------+--------+--------+--------+-----+--------+

Top non-repeatable levels by time:
     D:2: 1276 daAuts
     D:5: 1170 daAuts
     D:4: 1140 daAuts
     D:1: 1024 daAuts
     D:6: 1010 daAuts
     D:7: 977 daAuts
     D:3: 877 daAuts
  Temple: 8 daAuts
